Workbook

Sheet MSU Lead Budget
A1: COMPLETE THIS SECTION FIRST
A2: 1.) Proposal Title ------------------------------------------------>
A3: 2.) Principal Investigator/Project Director Name-----------> | B3: Last Name------> | E3: First Name ------>
A4: 3.) Sponsor ------------------------------------------------------->
A5: 4.) Primary Sponsor: -------------------------------------------->
A6: 5.) Period of Performance (xx/xx/xx)------------------------> | B6: From------------> | D6: to
A7: MONTCLAIR STATE UNIVERSITY FEDERAL BUDGET TEMPLATE | C7: Year 1 | D7: Year 2 | E7: Year 3 | F7: Year 4 | G7: Year 5 | H7: Total
A8: A. Senior Personnel | B8: Effort (months)
A9: Full Time/Release Time Salary | C9: 0 | D9: =C9*1.035 -> 0 | E9: =D9*1.035 -> 0 | F9: =E9*1.035 -> 0 | G9: =F9*1.035 -> 0 | H9: =SUM(C9:G9) -> 0
A10: Full Time/Release Time Salary | C10: 0 | D10: =C10*1.035 -> 0 | E10: =D10*1.035 -> 0 | F10: =E10*1.035 -> 0 | G10: =F10*1.035 -> 0 | H10: =SUM(C10:G10) -> 0
A11: Full Time/Release Time Salary | C11: 0 | D11: =C11*1.035 -> 0 | E11: =D11*1.035 -> 0 | F11: =E11*1.035 -> 0 | G11: =F11*1.035 -> 0 | H11: =SUM(C11:G11) -> 0
A12: Part Time/Summer Salary | C12: 0 | D12: =C12*1.035 -> 0 | E12: =D12*1.035 -> 0 | F12: =E12*1.035 -> 0 | G12: =F12*1.035 -> 0 | H12: =SUM(C12:G12) -> 0
A13: Part Time/Summer Salary | C13: 0 | D13: =C13*1.035 -> 0 | E13: =D13*1.035 -> 0 | F13: =E13*1.035 -> 0 | G13: =F13*1.035 -> 0 | H13: =SUM(C13:G13) -> 0
A14: Part Time/Summer Salary | C14: 0 | D14: =C14*1.035 -> 0 | E14: =D14*1.035 -> 0 | F14: =E14*1.035 -> 0 | G14: =F14*1.035 -> 0 | H14: =SUM(C14:G14) -> 0
A15: Total Senior Personnel | C15: =SUM(C9:C14) -> 0 | D15: =SUM(D9:D14) -> 0 | E15: =SUM(E9:E14) -> 0 | F15: =SUM(F9:F14) -> 0 | G15: =SUM(G9:G14) -> 0 | H15: =SUM(C15:G15) -> 0 | I15: =SUM(H9:H14) -> 0
A16: B. Other Personnel
A17: Student Worker Salary | C17: 0 | D17: =C17*1.025 -> 0 | E17: =D17*1.025 -> 0 | F17: =E17*1.025 -> 0 | G17: =F17*1.025 -> 0 | H17: =SUM(C17:G17) -> 0
A18: Student Worker Salary | C18: 0 | D18: =C18*1.025 -> 0 | E18: =D18*1.025 -> 0 | F18: =E18*1.025 -> 0 | G18: =F18*1.025 -> 0 | H18: =SUM(C18:G18) -> 0
A19: Student Worker Salary | C19: 0 | D19: =C19*1.025 -> 0 | E19: =D19*1.025 -> 0 | F19: =E19*1.025 -> 0 | G19: =F19*1.025 -> 0 | H19: =SUM(C19:G19) -> 0
A20: Graduate Assistant Stipend | C20: 0 | D20: 0 | E20: 0 | F20: 0 | G20: 0 | H20: =SUM(C20:G20) -> 0
A21: Graduate Assistant Stipend | C21: 0 | D21: 0 | E21: 0 | F21: 0 | G21: 0 | H21: =SUM(C21:G21) -> 0
A22: Post-Doctoral Fellow | C22: 0 | D22: 0 | E22: 0 | F22: 0 | G22: 0 | H22: =SUM(C22:G22) -> 0
A23: Other Full-Time | C23: 0 | D23: 0 | E23: 0 | F23: 0 | G23: 0 | H23: =SUM(C23:G23) -> 0
A24: Other Part-Time | C24: 0 | D24: 0 | E24: 0 | F24: 0 | G24: 0 | H24: =SUM(C24:G24) -> 0
A25: Total Other Personnel | C25: =SUM(C17:C24) -> 0 | D25: =SUM(D17:D24) -> 0 | E25: =SUM(E17:E24) -> 0 | F25: =SUM(F17:F24) -> 0 | G25: =SUM(G17:G24) -> 0 | H25: =SUM(C25:G25) -> 0 | I25: =SUM(H17:H24) -> 0
A26: Total Salary & Wages | C26: =SUM(C15,C25) -> 0 | D26: =SUM(D15,D25) -> 0 | E26: =SUM(E15,E25) -> 0 | F26: =SUM(F15,F25) -> 0 | G26: =SUM(G15,G25) -> 0 | H26: =SUM(C26:G26) -> 0 | I26: =SUM(H15,H25) -> 0
A27: C. Fringe
A28: Fringe on FT/Release Time @ 28.1% | C28: =SUM(C9:C11,C23)*0.281 -> 0 | D28: =SUM(D9:D11,D23)*0.281 -> 0 | E28: =SUM(E9:E11,E23)*0.281 -> 0 | F28: =SUM(F9:F11,F23)*0.281 -> 0 | G28: =SUM(G9:G11,G23)*0.281 -> 0 | H28: =SUM(C28:G28) -> 0
A29: Fringe on Part Time/Summer Sal. @ 9.2% | C29: =SUM(C12:C14,C24)*0.092 -> 0 | D29: =SUM(D12:D14,D24)*0.092 -> 0 | E29: =SUM(E12:E14,E24)*0.092 -> 0 | F29: =SUM(F12:F14,F24)*0.092 -> 0 | G29: =SUM(G12:G14,G24)*0.092 -> 0 | H29: =SUM(C29:G29) -> 0
A30: Fringe on Student Assistant Sal. @1.1% | C30: =SUM(C17:C21)*0.011 -> 0 | D30: =SUM(D17:D21)*0.011 -> 0 | E30: =SUM(E17:E21)*0.011 -> 0 | F30: =SUM(F17:F21)*0.011 -> 0 | G30: =SUM(G17:G21)*0.011 -> 0 | H30: =SUM(C30:G30) -> 0
A31: Fringe on Post-Doctoral Fellow(s) @14.8% | C31: =SUM(C22)*0.148 -> 0 | D31: =SUM(D22)*0.148 -> 0 | E31: =SUM(E22)*0.148 -> 0 | F31: =SUM(F22)*0.148 -> 0 | G31: =SUM(G22)*0.148 -> 0 | H31: =SUM(C31:G31) -> 0
A32: Total Fringe Benefits | C32: =SUM(C28:C31) -> 0 | D32: =SUM(D28:D31) -> 0 | E32: =SUM(E28:E31) -> 0 | F32: =SUM(F28:F31) -> 0 | G32: =SUM(G28:G31) -> 0 | H32: =SUM(C32:G32) -> 0 | I32: =SUM(H28:H31) -> 0
A33: Total Salary, Wages & Fringe Benefits | C33: =SUM(C26,C32) -> 0 | D33: =SUM(D26,D32) -> 0 | E33: =SUM(E26,E32) -> 0 | F33: =SUM(F26,F32) -> 0 | G33: =SUM(G26,G32) -> 0 | H33: =SUM(C33:G33) -> 0 | I33: =SUM(H26,H32) -> 0
A34: D. Equipment (acquisition cost $5,000 or greater) | C34: 0 | D34: 0 | E34: 0 | F34: 0 | G34: 0 | H34: =SUM(C34:G34) -> 0
A35: E. Travel
A36: Domestic | C36: 0 | D36: 0 | E36: 0 | F36: 0 | G36: 0 | H36: =SUM(C36:G36) -> 0
A37: Foreign | C37: 0 | D37: 0 | E37: 0 | F37: 0 | G37: 0 | H37: =SUM(C37:G37) -> 0
A38: Total Travel | C38: =SUM(C36:C37) -> 0 | D38: =SUM(D36:D37) -> 0 | E38: =SUM(E36:E37) -> 0 | F38: =SUM(F36:F37) -> 0 | G38: =SUM(G36:G37) -> 0 | H38: =+SUM(C38:G38) -> 0 | I38: =SUM(H36:H37) -> 0
A39: F. Participant/Trainee Support (e.g., REU, Fellowship grants)
A40: Stipends | C40: 0 | D40: 0 | E40: 0 | F40: 0 | G40: 0 | H40: =SUM(B40:G40) -> 0
A41: Travel | C41: 0 | D41: 0 | E41: 0 | F41: 0 | G41: 0 | H41: =SUM(B41:G41) -> 0
A42: Subsistence | C42: 0 | D42: 0 | E42: 0 | F42: 0 | G42: 0 | H42: =SUM(B42:G42) -> 0
A43: Other | C43: 0 | D43: 0 | E43: 0 | F43: 0 | G43: 0 | H43: =SUM(B43:G43) -> 0
A44: Total Participant/Trainee Support | C44: =SUM(C40:C43) -> 0 | D44: =SUM(D40:D43) -> 0 | E44: =SUM(E40:E43) -> 0 | F44: =SUM(F40:F43) -> 0 | G44: =SUM(G40:G43) -> 0 | H44: =SUM(C44:G44) -> 0
A45: G. Other Direct Costs
A46: Materials & Supplies | C46: 0 | D46: 0 | E46: 0 | F46: 0 | G46: 0 | H46: =SUM(C46:G46) -> 0
A47: Publication/Documentation/Dissemination Costs | C47: 0 | D47: 0 | E47: 0 | F47: 0 | G47: 0 | H47: =SUM(C47:G47) -> 0
A48: Consultants | C48: 0 | D48: 0 | E48: 0 | F48: 0 | G48: 0 | H48: =SUM(C48:G48) -> 0
A49: Computer Services | C49: 0 | D49: 0 | E49: 0 | F49: 0 | G49: 0 | H49: =SUM(C49:G49) -> 0
A50: Human Subjects Incentives | C50: 0 | D50: 0 | E50: 0 | F50: 0 | G50: 0 | H50: =SUM(C50:G50) -> 0
A51: Subaward #1 | C51: 0 | D51: 0 | E51: 0 | F51: 0 | G51: 0 | H51: =SUM(C51:G51) -> 0
A52: Subaward #2 | C52: 0 | D52: 0 | E52: 0 | F52: 0 | G52: 0 | H52: =SUM(C52:G52) -> 0
A53: Subaward #3 | C53: 0 | D53: 0 | E53: 0 | F53: 0 | G53: 0 | H53: =SUM(C53:G53) -> 0
A54: Subaward #4 | C54: 0 | D54: 0 | E54: 0 | F54: 0 | G54: 0 | H54: =SUM(C54:G54) -> 0
A55: Total Subawards | C55: =SUM(C51:C54) -> 0 | D55: =SUM(D51:D54) -> 0 | E55: =SUM(E51:E54) -> 0 | F55: =SUM(F51:F54) -> 0 | G55: =SUM(G51:G54) -> 0 | H55: =SUM(C55:G55) -> 0
A56: Graduate Research Assistant Tuition | C56: 0 | D56: =C56*1.03 -> 0 | E56: =D56*1.03 -> 0 | F56: =E56*1.03 -> 0 | G56: =F56*1.03 -> 0 | H56: =SUM(C56:G56) -> 0
A57: Other (please specify) | C57: 0 | D57: 0 | E57: 0 | F57: 0 | G57: 0 | H57: =SUM(C57:G57) -> 0
A58: Total (Other/Other) | C58: =SUM(C56:C57) -> 0 | D58: =SUM(D56:D57) -> 0 | E58: =SUM(E56:E57) -> 0 | F58: =SUM(F56:F57) -> 0 | G58: =SUM(G56:G57) -> 0 | H58: =SUM(C58:G58) -> 0
A59: Total Other Direct Costs | C59: =SUM(C46:C50,C55,C58) -> 0 | D59: =SUM(D46:D50,D55,D58) -> 0 | E59: =SUM(E46:E50,E55,E58) -> 0 | F59: =SUM(F46:F50,F55,F58) -> 0 | G59: =SUM(G46:G50,G55,G58) -> 0 | H59: =SUM(C59:G59) -> 0
A60: H. Total Direct Costs (A through G) | C60: =SUM(C33,C34,C38,C44,C59) -> 0 | D60: =SUM(D33,D34,D38,D44,D59) -> 0 | E60: =SUM(E33,E34,E38,E44,E59) -> 0 | F60: =SUM(F33,F34,F38,F44,F59) -> 0 | G60: =SUM(G33,G34,G38,G44,G59) -> 0 | H60: =SUM(B60:G60) -> 0
A61: MTDC Base (less tuition, equipment ≥$5,000,subawards in excess of $25,000) | B61: 0.46 | C61: =C60-C56-C44-C34-C51+'ORSP Use Only'!D3-C52+'ORSP Use Only'!D5-C53+'ORSP Use Only'!D7-C54+'ORSP Use Only'!D9 -> 0 | D61: =D60-D56-D44-D34-D51+'ORSP Use Only'!E3-D52+'ORSP Use Only'!E5-D53+'ORSP Use Only'!E7-D54+'ORSP Use Only'!E9 -> 0 | E61: =E60-E56-E44-E34-E51+'ORSP Use Only'!F3-E52+'ORSP Use Only'!F5-E53+'ORSP Use Only'!F7-E54+'ORSP Use Only'!F9 -> 0 | F61: =F60-F56-F44-F34-F51+'ORSP Use Only'!G3-F52+'ORSP Use Only'!G5-F53+'ORSP Use Only'!G7-F54+'ORSP Use Only'!G9 -> 0 | G61: =G60-G56-G44-G34-G51+'ORSP Use Only'!H3-G52+'ORSP Use Only'!H5-G53+'ORSP Use Only'!H7-G54+'ORSP Use Only'!H9 -> 0 | H61: =SUM(C61:G61) -> 0
A62: I. Indirect Costs | C62: =C61*$B$61 -> 0 | D62: =D61*$B$61 -> 0 | E62: =E61*$B$61 -> 0 | F62: =F61*$B$61 -> 0 | G62: =G61*$B$61 -> 0 | H62: =SUM(C62:G62) -> 0
A63: J. TOTAL Direct & Indirect Costs | C63: =SUM(C60,C62) -> 0 | D63: =SUM(D60,D62) -> 0 | E63: =SUM(E60,E62) -> 0 | F63: =SUM(F60,F62) -> 0 | G63: =SUM(G60,G62) -> 0 | H63: =SUM(C63:G63) -> 0

Sheet ORSP Use Only
A1: SUBAWARDS FOR MTDC (ORSP USE ONLY) | B1: DO NOT EDIT - FOR OSP USE ONLY
D2: =IF('MSU Lead Budget'!C51>25000,25000,'MSU Lead Budget'!C51) -> 0 | E2: =IF('MSU Lead Budget'!C51+'MSU Lead Budget'!D51>25000,(25000-'MSU Lead Budget'!C51),'MSU Lead Budget'!D51) -> 0 | F2: =IF('MSU Lead Budget'!C51+'MSU Lead Budget'!D51+'MSU Lead Budget'!E51>25000,(25000-('MSU Lead Budget'!C51+'MSU Lead Budget'!D51)),'MSU Lead Budget'!E51) -> 0 | G2: =IF('MSU Lead Budget'!C51+'MSU Lead Budget'!D51+'MSU Lead Budget'!E51+'MSU Lead Budget'!F51>25000,(25000-('MSU Lead Budget'!C51+'MSU Lead Budget'!D51+'MSU Lead Budget'!E51)),'MSU Lead Budget'!F51) -> 0 | H2: =IF('MSU Lead Budget'!C51+'MSU Lead Budget'!D51+'MSU Lead Budget'!E51+'MSU Lead Budget'!F51+'MSU Lead Budget'!G51>25000,(25000-('MSU Lead Budget'!C51+'MSU Lead Budget'!D51+'MSU Lead Budget'!E51+'MSU Lead Budget'!F51)),'MSU Lead Budget'!G51) -> 0
A3: Subaward 1 | D3: =IF(D2<0,0,D2) -> 0 | E3: =IF(E2<0,0,E2) -> 0 | F3: =IF(F2<0,0,F2) -> 0 | G3: =IF(G2<0,0,G2) -> 0 | H3: =IF(H2<0,0,H2) -> 0
D4: =IF('MSU Lead Budget'!C52>25000,25000,'MSU Lead Budget'!C52) -> 0 | E4: =IF('MSU Lead Budget'!C52+'MSU Lead Budget'!D52>25000,(25000-'MSU Lead Budget'!C52),'MSU Lead Budget'!D52) -> 0 | F4: =IF('MSU Lead Budget'!C52+'MSU Lead Budget'!D52+'MSU Lead Budget'!E52>25000,(25000-('MSU Lead Budget'!C52+'MSU Lead Budget'!D52)),'MSU Lead Budget'!E52) -> 0 | G4: =IF('MSU Lead Budget'!C52+'MSU Lead Budget'!D52+'MSU Lead Budget'!E52+'MSU Lead Budget'!F52>25000,(25000-('MSU Lead Budget'!C52+'MSU Lead Budget'!D52+'MSU Lead Budget'!E52)),'MSU Lead Budget'!F52) -> 0 | H4: =IF('MSU Lead Budget'!C52+'MSU Lead Budget'!D52+'MSU Lead Budget'!E52+'MSU Lead Budget'!F52+'MSU Lead Budget'!G52>25000,(25000-('MSU Lead Budget'!C52+'MSU Lead Budget'!D52+'MSU Lead Budget'!E52+'MSU Lead Budget'!F52)),'MSU Lead Budget'!G52) -> 0
A5: Subaward 2 | D5: =IF(D4<0,0,D4) -> 0 | E5: =IF(E4<0,0,E4) -> 0 | F5: =IF(F4<0,0,F4) -> 0 | G5: =IF(G4<0,0,G4) -> 0 | H5: =IF(H4<0,0,H4) -> 0
D6: =IF('MSU Lead Budget'!C53>25000,25000,'MSU Lead Budget'!C53) -> 0 | E6: =IF('MSU Lead Budget'!C53+'MSU Lead Budget'!D53>25000,(25000-'MSU Lead Budget'!C53),'MSU Lead Budget'!D53) -> 0 | F6: =IF('MSU Lead Budget'!C53+'MSU Lead Budget'!D53+'MSU Lead Budget'!E53>25000,(25000-('MSU Lead Budget'!C53+'MSU Lead Budget'!D53)),'MSU Lead Budget'!E53) -> 0 | G6: =IF('MSU Lead Budget'!C53+'MSU Lead Budget'!D53+'MSU Lead Budget'!E53+'MSU Lead Budget'!F53>25000,(25000-('MSU Lead Budget'!C53+'MSU Lead Budget'!D53+'MSU Lead Budget'!E53)),'MSU Lead Budget'!F53) -> 0 | H6: =IF('MSU Lead Budget'!C53+'MSU Lead Budget'!D53+'MSU Lead Budget'!E53+'MSU Lead Budget'!F53+'MSU Lead Budget'!G53>25000,(25000-('MSU Lead Budget'!C53+'MSU Lead Budget'!D53+'MSU Lead Budget'!E53+'MSU Lead Budget'!F53)),'MSU Lead Budget'!G53) -> 0
A7: Subaward 3 | D7: =IF(D6<0,0,D6) -> 0 | E7: =IF(E6<0,0,E6) -> 0 | F7: =IF(F6<0,0,F6) -> 0 | G7: =IF(G6<0,0,G6) -> 0 | H7: =IF(H6<0,0,H6) -> 0
D8: =IF('MSU Lead Budget'!C54>25000,25000,'MSU Lead Budget'!C54) -> 0 | E8: =IF('MSU Lead Budget'!C54+'MSU Lead Budget'!D54>25000,(25000-'MSU Lead Budget'!C54),'MSU Lead Budget'!D54) -> 0 | F8: =IF('MSU Lead Budget'!C54+'MSU Lead Budget'!D54+'MSU Lead Budget'!E54>25000,(25000-('MSU Lead Budget'!C54+'MSU Lead Budget'!D54)),'MSU Lead Budget'!E54) -> 0 | G8: =IF('MSU Lead Budget'!C54+'MSU Lead Budget'!D54+'MSU Lead Budget'!E54+'MSU Lead Budget'!F54>25000,(25000-('MSU Lead Budget'!C54+'MSU Lead Budget'!D54+'MSU Lead Budget'!E54)),'MSU Lead Budget'!F54) -> 0 | H8: =IF('MSU Lead Budget'!C54+'MSU Lead Budget'!D54+'MSU Lead Budget'!E54+'MSU Lead Budget'!F54+'MSU Lead Budget'!G54>25000,(25000-('MSU Lead Budget'!C54+'MSU Lead Budget'!D54+'MSU Lead Budget'!E54+'MSU Lead Budget'!F54)),'MSU Lead Budget'!G54) -> 0
A9: Subaward 4 | D9: =IF(D8<0,0,D8) -> 0 | E9: =IF(E8<0,0,E8) -> 0 | F9: =IF(F8<0,0,F8) -> 0 | G9: =IF(G8<0,0,G8) -> 0 | H9: =IF(H8<0,0,H8) -> 0
